 Dungeon Crawl Stone Soup version 0.25-a0-613-gf4b266557c (webtiles) character file.

Game seed: 8980698573439484457, levelgen mode: deterministic

8003 Mobile the Fighter (level 11, -2/82 HPs)
             Began as an Octopode Wanderer on Mar 16, 2020.
             Was an Initiate of Gozag.
             Blown up by Fannar the eye of devastation (28 damage)
             ... with a bolt of energy
             ... on level 11 of the Dungeon on Mar 17, 2020.
             The game lasted 00:42:48 (17219 turns).

Mobile the Fighter (Octopode Wanderer)             Turns: 17219, Time: 00:42:49

Health: -2/82      AC:  3    Str: 10    XL:     11   Next: 24%
Magic:  14/14      EV: 17    Int: 16    God:    Gozag
Gold:   1714       SH: 11    Dex: 16    Spells: 14/14 levels left

rFire    . . .     SeeInvis .   k - +3 morningstar (drain)
rCold    . . .     Gourm    .   d - +0 kite shield
rNeg     + + .     Faith    .   M - +2 hat {Int+3}
rPois    +         Spirit   .   (no amulet)
rElec    .         Reflect  .   h - ring of positive energy
rCorr    .         Harm     .   l - -2 ring of intelligence
MR       .....                  J - ring of poison resistance
Stlth    +++.......             L - ring of positive energy
HPRegen  0.23/turn              (no ring)
MPRegen  0.14/turn              (no ring)
                                (no ring)
                                (no ring)

@: no status effects
A: almost no armour, stealthy swim, amphibious, 8 rings, constrict 8, camouflage
1, gelatinous body 1
a: Potion Petition, Call Merchant, Bribe Branch, Renounce Religion


You were on level 11 of the Dungeon.
You worshipped Gozag.
Gozag was most pleased with you.
You were hungry.

You visited 2 branches of the dungeon, and saw 12 of its levels.
You also visited: Bailey.

You collected 2672 gold pieces.
You spent 917 gold pieces at shops.
You paid 41 gold pieces to Gozag.

Inventory:

Hand Weapons
 a - a +0 dagger
 k - a +3 morningstar of draining (weapon)
 o - a +0 short sword of draining
 y - a +0 dagger of holy wrath
 B - a +2 dagger of chaos
 K - a +0 flail of protection
Missiles
 x - 15 poisoned darts (quivered)
 E - 11 javelins
Armour
 d - a +0 kite shield (worn)
 q - a +0 buckler
 M - a +2 hat of intelligence (worn)
Magical Staves
 Q - an uncursed staff of energy
Jewellery
 h - a ring of positive energy (left tentacle)
 l - a -2 ring of intelligence (right tentacle)
 n - an uncursed ring of fire
 r - a +2 ring of dexterity
 J - a ring of poison resistance (on tentacle)
 L - a ring of positive energy (on tentacle)
Wands
 v - a wand of paralysis (11)
 C - a wand of flame (9)
 I - a wand of polymorph (8)
 P - a wand of digging (5)
Scrolls
 e - 4 scrolls of identify
 i - a scroll of teleportation
 t - 4 scrolls of remove curse
 z - 2 scrolls of immolation
 F - 2 scrolls of enchant weapon
 G - 4 scrolls of amnesia
 N - 2 scrolls of noise
Potions
 b - a potion of cancellation {unknown}
 c - 5 potions of curing
 g - a potion of lignification
 j - 2 potions of berserk rage {unknown}
 m - a potion of heal wounds
 p - 2 potions of might
 s - 2 potions of ambrosia
 u - a potion of stabbing
 w - 7 potions of haste
 A - a potion of resistance {unknown}
 D - 5 potions of flight
Miscellaneous
 H - a lightning rod (4/4)
Comestibles
 f - 12 rations


   Skills:
 - Level 10.4 Fighting
 + Level 7.7 Dodging
 - Level 1.3 Stealth
 - Level 10.0 Shields
 - Level 2.0 Spellcasting
   Level 3.0 Summonings
   Level 1.0 Ice Magic
   Level 1.0 Earth Magic
   Level 1.2 Poison Magic
 - Level 5.1 Evocations


You had 14 spell levels left.
You didn't know any spells.
Your spell library contained the following spells:

 Spells                   Type           Power        Failure   Level  Hunger
 Sandblast                Erth           #.....       26%         1    #......
 Beastly Appendage        Tmut           #.....       36%         1    #......
 Corona                   Hex            #......      36%         1    #......
 Foxfire                  Conj/Fire      #...         36%         1    #......
 Passwall                 Tmut/Erth      #.......     43%         2    ###....
 Poisonous Vapours        Pois/Air       #.....       43%         2    ###....
 Corpse Rot               Necr/Air       N/A          52%         2    ###....
 Slow                     Hex            #.......     52%         2    ###....
 Sticks to Snakes         Tmut           #.......     52%         2    ###....
 Spider Form              Tmut/Pois      #.........   67%         3    ###....
 Stone Arrow              Conj/Erth      #.....       67%         3    ###....
 Conjure Flame            Conj/Fire      #.......     75%         3    ###....
 Inner Flame              Hex/Fire       #.......     75%         3    ###....
 Portal Projectile        Hex/Tloc       #.....       75%         3    ###....
 Ice Form                 Ice/Tmut       #.......     97%         4    #####..
 Leda's Liquefaction      Hex/Erth       #.........   97%         4    #####..
 Petrify                  Tmut/Erth      #.......     97%         4    #####..
 Cause Fear               Hex            #.........   98%         4    #####..
 Sticky Flame             Conj/Fire      #.......     98%         4    #####..
 Blade Hands              Tmut           #.........   100%        5    ######.
 Fireball                 Conj/Fire      #.........   100%        5    ######.
 Lee's Rapid Deconstruct  Erth           #.........   100%        5    ######.


Dungeon Overview and Level Annotations

Branches:
Dungeon (11/15)            Temple (1/1) D:4            Lair (0/6) D:10
    Orc (0/2) D:11         Bailey (visited)

Altars:
Cheibriados
Dithmenos
Gozag
Makhleb
Nemelex Xobeh
Qazlal
Trog
Wu Jian
Xom
The Shining One

Shops:
D:5 *   D:6 ?   D:9 ?:

Annotations:
D:4 1 runed translucent door, Crazy Yiuf
D:11 Fannar


Innate Abilities, Weirdness & Mutations

You cannot wear most types of armour.
You are very stealthy in the water. (Stealth+)
You are amphibious.
You can wear up to eight rings at the same time.
You can use your tentacles to constrict eight enemies at once.
Your skin changes colour to match your surroundings (Stealth+).
Your rubbery body absorbs attacks. (AC +1, EV +1)


Message History

The bolt of energy misses you. Fannar gazes at you.
The bolt of energy hits you!!
You hit Fannar but do no damage. You drain Fannar. You grab Fannar.
Fannar is lightly wounded.
You constrict Fannar, but do no damage. You sock Fannar!
Fannar is moderately wounded.
You constrict Fannar, but do no damage. You hit Fannar but do no damage.
Fannar is moderately wounded.
You constrict Fannar, but do no damage. Fannar gazes at you.
The bolt of energy hits you!!!
Ouch! That really hurt!
* * * LOW HITPOINT WARNING * * *
You feel much better.
You constrict Fannar, but do no damage. Fannar gazes at you.
The bolt of energy hits you!!
You die...

#...#
#........# #.#
#...#
#........# #.#
#...#
#........# #.#
#...#
#........# #.#
#...#
#........# #.#
#...#
#........# #h#
#<..#
#.####.|.####.#
#...# #.#
#..G.....#
##...# #.#
#..@.....#
.....# #.#
#...###..#
.....####.#
#...# #..#
###.......#
#...# #..#
#..####.# #...#
#..# #..# #.#
#...# #..# #..#
#.# #...# #..#
#..# #.# #...#
#..# #..# #.#
#...# #..#


You could see Fannar the eye of devastation.

Vanquished Creatures
  A two-headed ogre (D:8)
  An ugly thing (D:11)
  A centaur zombie (D:11)
  A redback zombie (D:11)
  A hornet (D:11)
  Grinder (D:4)
  2 hippogriffs
  A wyvern (D:8)
  A yak (D:7)
  3 hogs (D:7)
  A hungry ghost (D:7)
  Eustachio (D:4)
  A human (D:7)
  A basilisk (D:11)
  Edmund (D:5)
  A water moccasin (D:9)
  A sky beast (D:5)
  3 ice beasts
  A black bear (D:6)
  2 necrophages
  3 ogres
  8 orc warriors
  2 phantoms
  2 centaurs
  A big kobold (D:10)
  3 bullfrogs
  A scorpion (D:11)
  8 killer bees
  3 wights
  3 howler monkeys
  4 jellies
  A crimson imp (D:11)
  2 quasits
  A bullfrog zombie (D:7)
  4 hounds
  2 bullfrog skeletons
  4 orc priests
  2 orc wizards
  A centaur skeleton (D:6)
  A hell rat (D:10)
  4 iguanas
  9 worker ants
  A hound skeleton (D:4)
  Robin (D:3)
  2 worker ant zombies
  3 gnolls (Bailey)
  A howler monkey skeleton (D:7)
  5 adders
  A river rat (D:10)
  A shadow imp (D:7)
  An ooze (D:3)
  2 adder skeletons (D:5)
  An adder zombie (D:5)
  4 worms
  2 dart slugs
  7 leopard geckos
  28 orcs
  9 giant cockroaches
  25 goblins
  15 hobgoblins
  14 jackals
  4 quokkas
  8 bats
  7 frilled lizards
  29 kobolds
  8 rats
274 creatures vanquished.

Vanquished Creatures (others)
  A minotaur (D:1)
  A draconian (D:1)
  An octopode (D:1)
  2 elves (D:1)
  A troll (D:1)
  A spriggan (D:1)
  A human (D:1)
  2 nagas (D:1)
  A centaur (D:1)
  3 orcs (D:1)
  A kobold (D:1)
  9 tentacles (D:1)
24 creatures vanquished.

Grand Total: 298 creatures vanquished

Notes
Turn   | Place    | Note
-------+----------+-------------------------------------------
     0 | D:1      | Mobile the Octopode Wanderer began the quest for the Orb.
     0 | D:1      | Mobile set off with the following items: a +0 dagger, a
                  | potion of curing, a +0 kite shield, a ration; and the
                  | following spells available to memorise: Poisonous Vapours,
                  | Corpse Rot
     0 | D:1      | Reached XP level 1. HP: 11/11 MP: 3/3
     2 | D:1      | Noticed a naga
     2 | D:1      | Noticed a draconian
     2 | D:1      | Noticed a troll
     2 | D:1      | Noticed a minotaur
     2 | D:1      | Noticed a human
     2 | D:1      | Noticed a kraken
     2 | D:1      | Noticed a naga
     2 | D:1      | Noticed an octopode
     2 | D:1      | Noticed a centaur
     2 | D:1      | Noticed an elf
     2 | D:1      | Noticed an elf
     2 | D:1      | Noticed a spriggan
     7 | D:1      | Killed a human
     9 | D:1      | Killed a naga
    11 | D:1      | Killed an elf
    11 | D:1      | Killed an octopode
    14 | D:1      | Killed an elf
    14 | D:1      | Killed a draconian
    16 | D:1      | Killed a troll
    19 | D:1      | Killed a naga
    21 | D:1      | Killed a spriggan
    22 | D:1      | Killed a centaur
    22 | D:1      | Killed a minotaur
    65 | D:1      | Reached skill level 1 in Fighting
   142 | D:1      | Reached XP level 2. HP: 14/18 MP: 5/5
   471 | D:1      | Found a sparkling altar of Nemelex Xobeh.
   633 | D:2      | Reached XP level 3. HP: 25/25 MP: 6/6
  1043 | D:2      | Reached XP level 4. HP: 31/31 MP: 7/7
  1837 | D:3      | Noticed Robin
  2008 | D:3      | Reached XP level 5. HP: 30/37 MP: 8/8
  2335 | D:3      | Killed Robin
  2856 | D:4      | Found a staircase to the Ecumenical Temple.
  2883 | D:4      | Reached XP level 6. HP: 45/45 MP: 9/9
  2938 | Temple   | Entered the Ecumenical Temple
  2955 | Temple   | Became a worshipper of Gozag Ym Sagoz the Greedy
  2996 | D:4      | Reached skill level 5 in Fighting
  3474 | D:4      | Found a runed translucent door.
  3475 | D:4      | Noticed Crazy Yiuf
  3495 | D:4      | Noticed Grinder
  3506 | D:4      | Killed Grinder
  3506 | D:4      | Reached XP level 7. HP: 45/51 MP: 10/10
  3607 | D:4      | Noticed Eustachio
  3618 | D:4      | Killed Eustachio
  3835 | D:4      | Reached skill level 5 in Shields
  3953 | D:4      | Found a bloodstained altar of Trog.
  4230 | D:5      | Entered Level 5 of the Dungeon
  4246 | D:5      | Noticed Edmund
  4259 | D:5      | Killed Edmund
  4259 | D:5      | Reached XP level 8. HP: 32/60 MP: 11/11
  4466 | D:5      | Found Quto's General Store.
  4482 | D:5      | Bought a scroll of identify for 26 gold pieces
  4482 | D:5      | Bought a scroll of random uselessness for 13 gold pieces
  4482 | D:5      | Bought a potion of heal wounds for 65 gold pieces
  4628 | D:5      | Found a shimmering altar of Xom.
  5731 | D:6      | Found a stormy altar of Qazlal.
  5954 | D:6      | Found Cawkikul's Magic Scroll Emporium.
  5960 | D:6      | Bought a scroll of teleportation for 33 gold pieces
  7095 | D:7      | Reached XP level 9. HP: 30/67 MP: 12/12
  9313 | D:8      | Upgraded the game from 0.25-a0-603-g0321be95db to
                  | 0.25-a0-613-gf4b266557c
 10460 | D:8      | Noticed a two-headed ogre
 10478 | D:8      | Killed a two-headed ogre
 10478 | D:8      | Reached skill level 10 in Fighting
 10478 | D:8      | Reached XP level 10. HP: 77/77 MP: 13/13
 10517 | D:8      | Reached skill level 1 in Evocations
 10997 | D:8      | Reached skill level 10 in Shields
 11301 | D:9      | Found Bifosaan's Magic Scroll Shop.
 11318 | D:9      | Bought a scroll of acquirement for 780 gold pieces
 11861 | D:9      | Found Siolaez's Book Shoppe.
 12337 | D:10     | Entered Level 10 of the Dungeon
 12376 | D:10     | Reached skill level 5 in Evocations
 12686 | D:10     | Noticed a death yak
 12704 | D:10     | Noticed a death yak
 12747 | D:10     | Reached skill level 1 in Dodging
 12848 | D:10     | Noticed a death yak
 13329 | D:10     | Found a staircase to the Lair.
 14860 | D:11     | Found a staircase to the Orcish Mines.
 14983 | D:11     | Noticed a cyan ugly thing
 15249 | D:11     | Found a flagged portal.
 15256 | Bailey   | Entered a bailey
 15576 | Bailey   | Reached skill level 5 in Dodging
 15886 | D:11     | Reached XP level 11. HP: 77/82 MP: 14/14
 16041 | D:11     | Got a bloodstained rapier
 16042 | D:11     | Identified the cursed +1 rapier of Indomitability {flame,
                  | rElec} (You found it on level 11 of the Dungeon)
 17027 | D:11     | Killed a cyan ugly thing
 17208 | D:11     | Noticed Fannar
 17211 | D:11     | Noticed Fannar
 17211 | D:11     | Fannar changed into Fannar the eye of devastation
 17218 | D:11     | HP: 3/82 [disintegration (55)]
 17219 | D:11     | Blown up by Fannar the eye of devastation

Levels and vault maps discovered:
D:1:      nicolae_arrival_kraken_aquarium_b, layout_basic, interstate_on_off,
          nemelex_altar_shiori
D:2:      layout_basic, serial_corexii_hall, corexii_hall_statues_s,
          corexii_hall_statues_x
D:3:      layout_basic, uniq_robin
D:4:      layout_loops_ring, minmay_temple_entry_hall, trog_hazing_becter,
          uniq_crazy_yiuf_cottage, uniq_eustachio, uniq_grinder
D:5:      layout_gridville, serial_shops, nicolae_shop_trees, first_ration,
          tgw_xom, uniq_edmund
D:6:      layout_loops_corners, grunt_qazlal_sundering, serial_shops, shop
D:7:      layout_rooms, corexii_corridor_pit, grunt_livestock
D:8:      layout_loops_ring, st_stairs_4
D:9:      layout_roguey, serial_shops, nicolae_shop_stone, shop,
          kennysheep_small_circle
D:10:     layout_basic, dpeg_lair_monsters, roderic_roman_lattice
D:11:     layout_long_grid, david_orc_2, enter_bailey_3, uniq_fannar
Temple:   regret_index_temple_sigil_plot

Skill      XL: |  1  2  3  4  5  6  7  8  9 10 11 |
---------------+----------------------------------+-----
Fighting       | 1 2 3 4 5 7 8 10 | 10.4
Shields        | 2 4 5 7 9 10 | 10.0
Evocations     | 5 |  5.1
Dodging        | 5 7 |  7.7
Stealth        | |  1.3
Spellcasting   | |  2.0
Summonings     | |  3.0
Ice Magic      | |  1.0
Earth Magic    | |  1.0
Poison Magic   | |  1.2

Action                   |  1- 3 |  4- 6 |  7- 9 | 10-12 || total
-------------------------+-------+-------+-------+-------++-------
Melee: Dagger            |    73 |    44 |    53 |    19 ||   189
       Constrict         |    26 |    44 |    64 |    54 ||   188
       Tentacles         |    15 |    28 |    91 |    73 ||   207
       Short sword       |       |   110 |   283 |       ||   393
       Flail             |       |       |       |   153 ||   153
       Morningstar       |       |       |       |   171 ||   171
Throw: Dart              |       |       |    37 |    10 ||    47
       Throwing net      |       |       |     1 |       ||     1
Evoke: Wand              |       |       |    18 |    10 ||    28
  Use: Scroll            |       |       |     7 |    17 ||    24
       Potion            |       |       |     3 |     1 ||     4
 Stab: Sleeping          |     8 |     9 |     9 |     5 ||    31
       Distracted        |       |     2 |       |     1 ||     3
       Held in net/web   |       |       |     1 |       ||     1
       Paralysed         |       |       |    16 |    13 ||    29
  Eat: Chunk             |       |     7 |       |       ||     7
       Ration            |       |       |     7 |     6 ||    13
Armor: Skin              |     8 |     8 |    11 |    61 ||    88
Dodge: Dodged            |    35 |    66 |   163 |   199 ||   463
Block: Kite shield       |    19 |     6 |       |   224 ||   249
       Buckler           |       |    22 |    80 |     8 ||   110

Table legend:
 A = Non-vault XP
 B = Vault XP
 C = Vault XP percentage of total XP
 D = Non-vault monster count
 E = Vault monster count
 F = Vault count percentage of total count
                 A         B        C        D         E       F
            +---------+---------+-------+---------+---------+-------
      Total |    8143 |    3290 |  28.8 |     202 |      72 |  26.3
            +---------+---------+-------+---------+---------+-------
        D:1 |      32 |       0 |   0.0 |      19 |       0 |   0.0
        D:2 |      74 |       2 |   2.6 |      28 |       1 |   3.4
        D:3 |      65 |      36 |  35.6 |      24 |      12 |  33.3
        D:4 |     522 |     460 |  46.8 |      21 |       8 |  27.6
        D:5 |     168 |     172 |  50.6 |       8 |       3 |  27.3
        D:6 |     549 |       0 |   0.0 |      12 |       0 |   0.0
        D:7 |    1014 |    1013 |  50.0 |      21 |       5 |  19.2
        D:8 |    1592 |     290 |  15.4 |      17 |       3 |  15.0
        D:9 |     480 |     380 |  44.2 |       8 |       2 |  20.0
       D:10 |    1178 |      49 |   4.0 |      24 |       2 |   7.7
       D:11 |    2469 |     156 |   5.9 |      20 |       9 |  31.0
     Bailey |       0 |     732 | 100.0 |       0 |      27 | 100.0
            +---------+---------+-------+---------+---------+-------
